Thunderbirds vs Sound Tigers
Created - February 1, 2022 at 20:09
Goals
|
| Thunderbirds |
0 |
2 |
0 |
0 |
2 |
| Sound Tigers |
1 |
0 |
1 |
1 |
3 |
|
Shots
|
| Thunderbirds |
9 |
13 |
11 |
0 |
33 |
| Sound Tigers |
6 |
7 |
22 |
2 |
37 |
|
1st period
1. Sound Tigers , Borna Rendulic 6 (James Livingstone 11) at 3:36 (SH)
Penalties :
Ben Johnson (BRI) for Tripping (Minor) at 2:50, Alexander Yelesin (BRI) for Hooking (Minor) at 7:48, Tyrell Goulbourne (BRI) for Roughing (Minor) at 9:57, Jerry D'Amigo (Spr) for Interference (Minor) at 16:07
2nd period
2. Thunderbirds , Griffin Reinhart 5 (Roberts Lipsbergs 1, Carter Hutton) at 15:56
3. Thunderbirds , Hudson Fasching 4 (Mitchell Heard 7) at 17:55
Penalties :
Dylan McIlrath (BRI) for Slashing (Double Minor) at 2:07, James Sheppard (BRI) for Slashing (Minor) at 13:02
3rd period
4. Sound Tigers , Connor Murphy 4 (Borna Rendulic 13, James Sheppard 15) at 19:24
Penalties :
Mitchell Heard (Spr) for Slashing (Minor) at 5:37, Quinton Howden (Spr) for Interference (Minor) at 11:57, James Sheppard (BRI) for Interference (Minor) at 12:28
Overtime #1
5. Sound Tigers , Connor Murphy 5 (Garret Ross 5, James Sheppard 16) at 0:47
Penalties :
No Penalty
Goalie Stats
Carter Hutton (Spr), 34 saves from 37 shots - (0.919), OTL, 7-2-3, 60:47 minutes
Pavel Francouz (BRI), 31 saves from 33 shots - (0.939), W, 10-9-2, 60:35 minutes
Players Stats for Thunderbirds
Player Name G A P +/- PIM S H SB GA TA FO MP PP MP PK MP
------------------------------------------------------------------------------------
Elias Lindholm 0 0 0 1 0 2 4 0 0 0 4/11 17:02 4:54 1:31
Griffin Reinhart 1 0 1 0 0 5 1 2 2 0 0/0 28:33 6:22 1:50
Hudson Fasching 1 0 1 1 0 3 1 2 0 0 0/0 10:47 1:18 0:00
Jake Walman 0 0 0 1 0 0 0 0 0 0 0/0 9:58 0:16 0:00
Jerry D'Amigo 0 0 0 -2 2 1 2 1 0 0 0/1 23:17 6:14 1:53
John Draeger 0 0 0 -2 0 1 1 1 0 0 0/0 22:30 5:29 2:39
Kirill Kaprizov 0 0 0 1 0 3 1 0 0 0 2/2 16:57 4:54 1:20
Matt Puempel 0 0 0 1 0 1 0 0 0 0 0/0 12:13 1:22 1:03
Michal Jordan 0 0 0 -1 0 0 0 3 1 1 0/0 22:16 5:29 1:50
Mitchell Heard 0 1 1 1 2 2 2 0 0 0 1/3 12:02 1:19 0:12
Nicklas Jensen 0 0 0 0 0 0 0 0 0 0 1/1 7:05 0:03 0:00
Niklas Hansson 0 0 0 -1 0 3 8 0 1 0 0/0 29:48 6:41 2:39
Quinton Howden 0 0 0 -3 2 6 2 0 1 0 17/36 23:53 6:13 2:13
Roberts Lipsbergs 0 1 1 0 0 1 1 0 0 0 0/0 7:25 0:00 0:12
Tanner Laczynski 0 0 0 0 0 0 0 0 0 0 2/3 7:02 0:00 0:00
Tom Kuhnhackl 0 0 0 1 0 2 1 0 0 0 0/0 15:20 4:51 0:34
Valentin Zykov 0 0 0 -3 0 3 0 3 0 0 1/7 22:31 6:10 0:00
Viktor Baldayev 0 0 0 1 0 0 0 1 0 1 0/0 8:29 0:35 0:00
Players Stats for Sound Tigers
Player Name G A P +/- PIM S H SB GA TA FO MP PP MP PK MP
------------------------------------------------------------------------------------
Alexander Yelesin 0 0 0 -1 2 0 1 2 0 0 0/0 10:35 0:00 1:28
Ben Johnson 0 0 0 0 2 0 1 0 0 0 1/3 8:26 0:00 1:29
Blake Speers 0 0 0 0 0 0 0 0 0 0 0/0 0:52 0:03 0:10
Borna Rendulic 1 1 2 2 0 9 1 3 1 0 2/2 20:48 2:20 3:49
Brad Ross 0 0 0 0 0 0 1 0 0 0 0/0 9:33 0:00 2:25
Brandon Gignac 0 0 0 0 0 0 0 1 0 0 1/1 3:58 0:00 3:02
Connor Murphy 2 0 2 3 0 6 3 1 0 2 0/0 29:14 2:56 6:05
Dylan McIlrath 0 0 0 3 4 2 3 2 0 0 0/0 28:03 2:56 4:37
Gabriel Carlsson 0 0 0 -1 0 1 0 0 0 1 0/0 10:05 0:00 1:10
Garret Pilon 0 0 0 0 0 0 0 0 0 0 0/1 1:05 0:03 0:01
Garret Ross 0 1 1 0 0 3 4 1 0 0 0/1 21:10 2:06 5:53
James Livingstone 0 1 1 0 0 3 1 0 1 0 0/0 17:17 2:06 3:49
James Sheppard 0 2 2 2 4 5 2 2 0 0 5/8 22:57 2:22 4:40
Josh Archibald 0 0 0 0 0 0 1 0 0 0 0/0 6:08 0:00 0:00
Julian Melchiori 0 0 0 -1 0 1 2 1 0 1 0/0 21:42 1:33 5:55
Pavel Kraskovsky 0 0 0 -1 0 1 0 0 0 0 6/13 13:28 2:06 0:00
Rhett Gardner 0 0 0 -1 0 2 1 0 0 0 3/7 8:27 0:00 0:00
Ryan Bourque 0 0 0 1 0 2 2 0 0 0 18/28 16:59 2:20 0:00
Scott Glennie 0 0 0 -1 0 1 0 0 0 0 0/0 8:27 0:00 0:00
Slater Koekkoek 0 0 0 -1 0 0 0 2 0 1 0/0 21:28 1:33 5:11
Tyrell Goulbourne 0 0 0 -1 2 1 0 1 0 0 0/0 8:26 0:00 0:00
3 Stars
1 - Connor Murphy (BRI)
2 - Borna Rendulic (BRI)
3 - Pavel Francouz (BRI)
Power Play
Thunderbirds - 0 on 7 Attempt(s) - 0.00%
Sound Tigers - 0 on 3 Attempt(s) - 0.00%
Penalty Kill
Thunderbirds - 3 on 3 Attempt(s) - 100.00%
- Score 0 goal in Penalty Kill
Sound Tigers - 7 on 7 Attempt(s) - 100.00%
- Score 1 goal in Penalty Kill
Team Stat
Thunderbirds - Hits : 24 - Faceoff Wins : 28 - Blocked Shots : 13 - Penalty Minutes : 6
Sound Tigers - Hits : 23 - Faceoff Wins : 36 - Blocked Shots : 16 - Penalty Minutes : 14
Official
Referees : Tom Chmielewski and Jon McIsaac
Linesman : Tony Sericolo and Scott Cherrey
Game Notes
Viktor Baldayev is injured at 10:58 of 3rd period (Torso)
Finance
Level 1 -- Attendance: 1784 (89.20%) -- Ticket Income $62,440
Level 2 -- Attendance: 986 (98.60%) -- Ticket Income $14,790
Total Attendance: 2770 (92.33%)
Total Ticket Income: $77,230
Other Income: $3,862
Total Income: $81,092
Thunderbirds
5 vs 5 Forward
Center Left Wing Right Wing Time % Phy DF OF
1 Quinton Howden Valentin Zykov Jerry D'Amigo 40 0 2 3
2 Elias Lindholm Kirill Kaprizov Tom Kuhnhackl 30 0 2 3
3 Mitchell Heard Matt Puempel Hudson Fasching 20 1 2 2
4 Tanner Laczynski Roberts Lipsbergs Nicklas Jensen 10 0 2 3
5 vs 5 Defense
Defense Defense Time % Phy DF OF
1 Griffin Reinhart Niklas Hansson 40 0 2 3
2 Michal Jordan John Draeger 30 1 2 2
3 Viktor Baldayev Jake Walman 20 1 2 2
4 John Draeger Niklas Hansson 10 0 2 3
PowerPlay Forward
Center Left Wing Right Wing Time % Phy DF OF
1 Quinton Howden Valentin Zykov Jerry D'Amigo 60 0 1 4
2 Elias Lindholm Kirill Kaprizov Tom Kuhnhackl 40 0 1 4
PowerPlay Defense
Defense Defense Time % Phy DF OF
1 Griffin Reinhart Niklas Hansson 60 0 2 3
2 Michal Jordan John Draeger 40 0 2 3
Penalty Kill 4 Players Forward
Center Wing Time % Phy DF OF
1 Quinton Howden Jerry D'Amigo 60 1 3 1
2 Elias Lindholm Tom Kuhnhackl 40 1 3 1
Penalty Kill 4 Players Defense
Defense Defense Time % Phy DF OF
1 John Draeger Niklas Hansson 60 1 4 0
2 Griffin Reinhart Michal Jordan 40 1 4 0
Penalty Kill - 3 Players Forward
Forward Time % Phy DF OF
1 Quinton Howden 60 1 3 1
2 Jerry D'Amigo 40 1 3 1
Penalty Kill - 3 Players Defense
Defense Defense Time % Phy DF OF
1 John Draeger Niklas Hansson 60 1 4 0
2 Griffin Reinhart Michal Jordan 40 1 4 0
4 vs 4 Forward
Center Wing Time % Phy DF OF
1 Quinton Howden Valentin Zykov 60 0 2 3
2 Elias Lindholm Kirill Kaprizov 40 0 2 3
4 vs 4 Defense
Defense Defense Time % Phy DF OF
1 Griffin Reinhart Niklas Hansson 60 0 2 3
2 Michal Jordan John Draeger 40 0 2 3
Last Minutes Offensive
Center Left Wing Right Wing Defense Defense
Quinton Howden Valentin Zykov Jerry D'Amigo Griffin Reinhart Niklas Hansson
Last Minutes Defensive
Center Left Wing Right Wing Defense Defense
Quinton Howden Valentin Zykov Jerry D'Amigo John Draeger Niklas Hansson
Goaltenders
Starting : Carter Hutton
Backup : Artyom Zagidulin
Extra Forwards
Normal : Kirill Kaprizov, Valentin Zykov, Elias Lindholm - PP : Kirill Kaprizov, Valentin Zykov - PK : Kirill Kaprizov
Extra Defensemen
Normal : Michal Jordan, Griffin Reinhart, Niklas Hansson - PP : Viktor Baldayev - PK : Viktor Baldayev, Jake Walman
Penalty Shots
Tanner Laczynski, Tom Kuhnhackl, Quinton Howden, Elias Lindholm, Kirill Kaprizov
Scratches
Austin Poganski (Healthy), Connor Honey (Healthy), Dmytro Timashov (Healthy), Keaton Thompson (Healthy), Kyle Platzer (Healthy)
Lukas Vejdemo (Healthy), Michael McCarron (Healthy), Nelson Nogier (Healthy), Clayton Keller (Healthy), Calvin Thurkauf (Healthy)
Artur Kayumov (Healthy), Igor Bobkov (Healthy), Niklas Treutle (Healthy)
Sound Tigers
5 vs 5 Forward
Center Left Wing Right Wing Time % Phy DF OF
1 Ryan Bourque James Sheppard Borna Rendulic 40 1 2 2
2 Pavel Kraskovsky Garret Ross James Livingstone 30 1 2 2
3 Rhett Gardner Tyrell Goulbourne Scott Glennie 20 1 2 2
4 Ben Johnson Brad Ross Josh Archibald 10 1 2 2
5 vs 5 Defense
Defense Defense Time % Phy DF OF
1 Connor Murphy Dylan McIlrath 40 1 2 2
2 Julian Melchiori Slater Koekkoek 30 1 2 2
3 Gabriel Carlsson Alexander Yelesin 20 1 2 2
4 Connor Murphy Dylan McIlrath 10 1 2 2
PowerPlay Forward
Center Left Wing Right Wing Time % Phy DF OF
1 Ryan Bourque James Sheppard Borna Rendulic 60 1 2 2
2 Pavel Kraskovsky Garret Ross James Livingstone 40 1 2 2
PowerPlay Defense
Defense Defense Time % Phy DF OF
1 Connor Murphy Dylan McIlrath 60 1 2 2
2 Julian Melchiori Slater Koekkoek 40 1 2 2
Penalty Kill 4 Players Forward
Center Wing Time % Phy DF OF
1 James Sheppard Garret Ross 60 1 2 2
2 Borna Rendulic James Livingstone 40 1 2 2
Penalty Kill 4 Players Defense
Defense Defense Time % Phy DF OF
1 Connor Murphy Dylan McIlrath 60 1 2 2
2 Julian Melchiori Slater Koekkoek 40 1 2 2
Penalty Kill - 3 Players Forward
Forward Time % Phy DF OF
1 James Sheppard 60 1 2 2
2 Garret Ross 40 1 2 2
Penalty Kill - 3 Players Defense
Defense Defense Time % Phy DF OF
1 Connor Murphy Dylan McIlrath 60 1 2 2
2 Julian Melchiori Slater Koekkoek 40 1 2 2
4 vs 4 Forward
Center Wing Time % Phy DF OF
1 James Sheppard Garret Ross 60 1 2 2
2 Borna Rendulic James Livingstone 40 1 2 2
4 vs 4 Defense
Defense Defense Time % Phy DF OF
1 Connor Murphy Dylan McIlrath 60 1 2 2
2 Julian Melchiori Slater Koekkoek 40 1 2 2
Last Minutes Offensive
Center Left Wing Right Wing Defense Defense
Ryan Bourque James Sheppard Borna Rendulic Connor Murphy Dylan McIlrath
Last Minutes Defensive
Center Left Wing Right Wing Defense Defense
Ryan Bourque James Sheppard Borna Rendulic Connor Murphy Dylan McIlrath
Goaltenders
Starting : Pavel Francouz
Backup : Sean Maguire
Extra Forwards
Normal : Garret Pilon, Blake Speers, Brandon Gignac - PP : Garret Pilon, Blake Speers - PK : Brandon Gignac
Extra Defensemen
Normal : Gabriel Carlsson, Alexander Yelesin, Julian Melchiori - PP : Gabriel Carlsson - PK : Alexander Yelesin, Julian Melchiori
Penalty Shots
James Sheppard, Garret Ross, Borna Rendulic, James Livingstone, Ryan Bourque
Scratches
Ben Thomson (Healthy), David Broll (Healthy), Joe Labate (Healthy), Casey Staum (Healthy), Chris Driedger (Healthy)
% Time on Ice - Thunderbirds
Lines # - Real PCT - Wanted PCT - Time Play
Normal Forward
1 - 35% - 40% - 14:31
2 - 24% - 30% - 9:55
3 - 23% - 20% - 9:29
4 - 17% - 10% - 7:02
Normal Defense
1 - 43% - 40% - 17:39
2 - 32% - 30% - 12:59
3 - 23% - 20% - 9:20
4 - 2% - 10% - 0:59
PP Forward
1 - 61% - 60% - 7:32
2 - 39% - 40% - 4:54
PP Defense
1 - 56% - 60% - 6:57
2 - 44% - 40% - 5:29
PK Forward
1 - 87% - 60% - 3:55
2 - 13% - 40% - 0:34
PK Defense
1 - 59% - 60% - 2:39
2 - 41% - 40% - 1:50
PK3 Forward
1 - 0% - 60%
2 - 0% - 40%
PK3 Defense
1 - 0% - 60%
2 - 0% - 40%
44 Forward
1 - 100% - 60% - 2:15
2 - 0% - 40% - 0:00
44 Defense
1 - 68% - 60% - 1:32
2 - 32% - 40% - 0:43
Last Minute Offensive - 0:00
Last Minute Defensive - 0:40
Total
Forward - 60:47
Defense - 60:47
|
% Time on Ice - Sound Tigers
Lines # - Real PCT - Wanted PCT - Time Play
Normal Forward
1 - 37% - 40% - 15:05
2 - 28% - 30% - 11:22
3 - 21% - 20% - 8:27
4 - 15% - 10% - 6:08
Normal Defense
1 - 43% - 40% - 17:44
2 - 33% - 30% - 13:24
3 - 22% - 20% - 8:55
4 - 2% - 10% - 0:59
PP Forward
1 - 53% - 60% - 2:23
2 - 47% - 40% - 2:06
PP Defense
1 - 65% - 60% - 2:56
2 - 35% - 40% - 1:33
PK Forward
1 - 69% - 60% - 8:37
2 - 31% - 40% - 3:49
PK Defense
1 - 62% - 60% - 7:41
2 - 38% - 40% - 4:45
PK3 Forward
1 - 0% - 60%
2 - 0% - 40%
PK3 Defense
1 - 0% - 60%
2 - 0% - 40%
44 Forward
1 - 100% - 60% - 2:15
2 - 0% - 40% - 0:00
44 Defense
1 - 76% - 60% - 1:42
2 - 24% - 40% - 0:33
Last Minute Offensive - 0:35
Last Minute Defensive - 0:00
Total
Forward - 60:47
Defense - 60:47
|
Play-by-Play
1st period
0:01 of 1st period - Quinton Howden wins face-off versus Ryan Bourque in neutral zone.
0:53 of 1st period - Snap shot by Rhett Gardner.
0:53 of 1st period - Stopped by Carter Hutton with a rebound.
1:11 of 1st period - Michal Jordan is hit by Josh Archibald and loses puck.
2:44 of 1st period - Snap shot by Hudson Fasching.
2:44 of 1st period - Shot Blocked by Julian Melchiori.
2:50 of 1st period - Minor Penalty to Ben Johnson for Tripping.
2:51 of 1st period - James Sheppard wins face-off versus Quinton Howden in Sound Tigers zone.
2:51 of 1st period - James Sheppard is hit by Jerry D'Amigo.
3:07 of 1st period - Garret Ross is hit by Quinton Howden.
3:28 of 1st period - Snap shot by Borna Rendulic.
3:28 of 1st period - Stopped by Carter Hutton with a rebound.
3:30 of 1st period - Wrist shot by Julian Melchiori.
3:30 of 1st period - Shot Hit the Post.
3:32 of 1st period - Slapshot by Julian Melchiori.
3:32 of 1st period - Stopped by Carter Hutton without a rebound.
3:33 of 1st period - Borna Rendulic wins face-off versus Jerry D'Amigo in Thunderbirds zone.
3:36 of 1st period - Slapshot by Borna Rendulic.
3:36 of 1st period - Goal by Borna Rendulic - Thunderbirds : 0 - Sound Tigers : 1.
3:37 of 1st period - James Sheppard wins face-off versus Quinton Howden in neutral zone.
3:48 of 1st period - Garret Ross is hit by Niklas Hansson and loses puck.
4:11 of 1st period - Wrist shot by Kirill Kaprizov.
4:11 of 1st period - Shot Hit the Post.
4:13 of 1st period - Slapshot by Griffin Reinhart.
4:13 of 1st period - Deflect By Elias Lindholm.
4:13 of 1st period - Stopped by Pavel Francouz without a rebound.
4:14 of 1st period - Borna Rendulic wins face-off versus Valentin Zykov in Sound Tigers zone.
4:39 of 1st period - John Draeger is hit by James Sheppard.
4:43 of 1st period - Snap shot by Tom Kuhnhackl.
4:43 of 1st period - Stopped by Pavel Francouz without a rebound.
4:44 of 1st period - James Sheppard wins face-off versus Valentin Zykov in Sound Tigers zone.
4:50 of 1st period - Penalty to Ben Johnson is over, Ben Johnson is back on ice.
4:53 of 1st period - Snap shot by Jerry D'Amigo.
4:53 of 1st period - Shot Blocked by Connor Murphy.
4:59 of 1st period - Snap shot by Quinton Howden.
4:59 of 1st period - Stopped by Pavel Francouz with a rebound.
5:16 of 1st period - Snap shot by Elias Lindholm.
5:16 of 1st period - Shot Misses the Net.
5:48 of 1st period - Slapshot by Griffin Reinhart.
5:48 of 1st period - Shot Blocked by Borna Rendulic.
5:50 of 1st period - Slapshot by Mitchell Heard.
5:50 of 1st period - Stopped by Pavel Francouz with a rebound.
6:30 of 1st period - Wrist shot by Rhett Gardner.
6:30 of 1st period - Shot Misses the Net.
6:32 of 1st period - Slapshot by Gabriel Carlsson.
6:32 of 1st period - Deflect By Elias Lindholm.
6:32 of 1st period - Stopped by Carter Hutton with a rebound.
7:31 of 1st period - Valentin Zykov is hit by Alexander Yelesin and loses puck.
7:48 of 1st period - Minor Penalty to Alexander Yelesin for Hooking.
7:49 of 1st period - Quinton Howden wins face-off versus James Sheppard in Sound Tigers zone.
9:48 of 1st period - Penalty to Alexander Yelesin is over, Alexander Yelesin is back on ice.
9:57 of 1st period - Minor Penalty to Tyrell Goulbourne for Roughing.
9:58 of 1st period - James Sheppard wins face-off versus Quinton Howden in Sound Tigers zone.
11:27 of 1st period - Julian Melchiori is hit by Niklas Hansson and loses puck.
11:32 of 1st period - Wrist shot by Hudson Fasching.
11:32 of 1st period - Shot Misses the Net.
11:34 of 1st period - Slapshot by Niklas Hansson.
11:34 of 1st period - Shot Blocked by Brandon Gignac.
11:57 of 1st period - Penalty to Tyrell Goulbourne is over, Tyrell Goulbourne is back on ice.
12:14 of 1st period - Niklas Hansson is hit by Ben Johnson and loses puck.
12:24 of 1st period - Icing by Roberts Lipsbergs.
12:25 of 1st period - Nicklas Jensen wins face-off versus Rhett Gardner in Thunderbirds zone.
12:30 of 1st period - Slapshot by Niklas Hansson.
12:30 of 1st period - Stopped by Pavel Francouz with a rebound.
12:38 of 1st period - Wrist shot by Matt Puempel.
12:38 of 1st period - Stopped by Pavel Francouz with a rebound.
12:40 of 1st period - Snap shot by Mitchell Heard.
12:40 of 1st period - Stopped by Pavel Francouz without a rebound.
12:41 of 1st period - Valentin Zykov wins face-off versus Ryan Bourque in Sound Tigers zone.
13:36 of 1st period - Slapshot by Hudson Fasching.
13:36 of 1st period - Shot Blocked by Alexander Yelesin.
13:38 of 1st period - Slapshot by Mitchell Heard.
13:38 of 1st period - Shot Misses the Net.
13:54 of 1st period - Jerry D'Amigo is hit by James Sheppard and loses puck.
14:43 of 1st period - Michal Jordan is hit by Garret Ross and loses puck.
15:12 of 1st period - Slapshot by Valentin Zykov.
15:12 of 1st period - Shot Misses the Net.
15:14 of 1st period - Wrist shot by Michal Jordan.
15:14 of 1st period - Deflect By Quinton Howden.
15:14 of 1st period - Shot Blocked by Alexander Yelesin.
15:14 of 1st period - Puck is out of play.
15:15 of 1st period - Quinton Howden wins face-off versus Ben Johnson in Sound Tigers zone.
15:28 of 1st period - Snap shot by Slater Koekkoek.
15:28 of 1st period - Shot Misses the Net.
15:32 of 1st period - Slapshot by Ben Johnson.
15:32 of 1st period - Shot Misses the Net.
15:34 of 1st period - Slapshot by Julian Melchiori.
15:34 of 1st period - Shot Misses the Net.
15:36 of 1st period - Slapshot by Slater Koekkoek.
15:36 of 1st period - Shot Blocked by Valentin Zykov.
15:46 of 1st period - Slapshot by Connor Murphy.
15:46 of 1st period - Stopped by Carter Hutton with a rebound.
16:07 of 1st period - Minor Penalty to Jerry D'Amigo for Interference.
16:08 of 1st period - Ryan Bourque wins face-off versus Quinton Howden in Thunderbirds zone.
17:06 of 1st period - Julian Melchiori is hit by Elias Lindholm and loses puck.
17:49 of 1st period - Griffin Reinhart is hit by James Livingstone and loses puck.
18:07 of 1st period - Penalty to Jerry D'Amigo is over, Jerry D'Amigo is back on ice.
18:32 of 1st period - Slapshot by Connor Murphy.
18:32 of 1st period - Shot Misses the Net.
18:48 of 1st period - Slapshot by Valentin Zykov.
18:48 of 1st period - Stopped by Pavel Francouz with a rebound.
18:50 of 1st period - Snap shot by Valentin Zykov.
18:50 of 1st period - Stopped by Pavel Francouz with a rebound.
Goals for this period are 0 for Thunderbirds vs 1 for Sound Tigers.
Shots for this period are 9 for Thunderbirds vs 6 for Sound Tigers.
2nd period
0:01 of 2nd period - Quinton Howden wins face-off versus Ryan Bourque in neutral zone.
0:06 of 2nd period - Wrist shot by Niklas Hansson.
0:06 of 2nd period - Shot Blocked by Dylan McIlrath.
0:59 of 2nd period - Julian Melchiori is hit by Niklas Hansson and loses puck.
1:20 of 2nd period - Wrist shot by Roberts Lipsbergs.
1:20 of 2nd period - Shot Misses the Net.
1:22 of 2nd period - Slapshot by Michal Jordan.
1:22 of 2nd period - Deflect By Tanner Laczynski.
1:22 of 2nd period - Shot Misses the Net.
1:22 of 2nd period - Puck is out of play.
1:23 of 2nd period - Quinton Howden wins face-off versus Pavel Kraskovsky in Sound Tigers zone.
1:26 of 2nd period - Snap shot by Valentin Zykov.
1:26 of 2nd period - Stopped by Pavel Francouz with a rebound.
1:28 of 2nd period - Snap shot by Quinton Howden.
1:28 of 2nd period - Shot Misses the Net.
2:07 of 2nd period - Double Minor Penalty to Dylan McIlrath for Slashing.
2:08 of 2nd period - Quinton Howden wins face-off versus James Sheppard in Sound Tigers zone.
2:15 of 2nd period - Wrist shot by Quinton Howden.
2:15 of 2nd period - Stopped by Pavel Francouz with a rebound.
2:33 of 2nd period - Slater Koekkoek is hit by Elias Lindholm and loses puck.
2:40 of 2nd period - Snap shot by Tom Kuhnhackl.
2:40 of 2nd period - Shot Misses the Net.
2:42 of 2nd period - Snap shot by Elias Lindholm.
2:42 of 2nd period - Shot Blocked by Garret Ross.
2:44 of 2nd period - Slapshot by Michal Jordan.
2:44 of 2nd period - Deflect By Elias Lindholm.
2:44 of 2nd period - Stopped by Pavel Francouz with a rebound.
3:30 of 2nd period - Griffin Reinhart is hit by Connor Murphy and loses puck.
4:11 of 2nd period - Mitchell Heard is hit by Julian Melchiori and loses puck.
4:45 of 2nd period - Quinton Howden is hit by Julian Melchiori and loses puck.
5:16 of 2nd period - Borna Rendulic is hit by Tom Kuhnhackl and loses puck.
5:27 of 2nd period - Jake Walman is hit by Connor Murphy and loses puck.
6:07 of 2nd period - Penalty to Dylan McIlrath is over, Dylan McIlrath is back on ice.
6:18 of 2nd period - Wrist shot by Tanner Laczynski.
6:18 of 2nd period - Shot Misses the Net.
7:48 of 2nd period - Viktor Baldayev is hit by Rhett Gardner and loses puck.
8:07 of 2nd period - Jake Walman is hit by Connor Murphy and loses puck.
8:29 of 2nd period - Borna Rendulic is hit by Niklas Hansson and loses puck.
9:02 of 2nd period - Wrist shot by Hudson Fasching.
9:02 of 2nd period - Shot Misses the Net.
9:04 of 2nd period - Snap shot by Hudson Fasching.
9:04 of 2nd period - Stopped by Pavel Francouz with a rebound.
9:20 of 2nd period - Wrist shot by Pavel Kraskovsky.
9:20 of 2nd period - Shot Hit the Post.
9:42 of 2nd period - Snap shot by Connor Murphy.
9:42 of 2nd period - Shot Hit the Post.
9:44 of 2nd period - Wrist shot by Rhett Gardner.
9:44 of 2nd period - Shot Misses the Net.
9:46 of 2nd period - Slapshot by Dylan McIlrath.
9:46 of 2nd period - Shot Blocked by Hudson Fasching.
9:48 of 2nd period - Slapshot by Tyrell Goulbourne.
9:48 of 2nd period - Shot Misses the Net.
11:13 of 2nd period - Off-side.
11:14 of 2nd period - Rhett Gardner wins face-off versus Quinton Howden in neutral zone.
11:17 of 2nd period - Snap shot by Rhett Gardner.
11:17 of 2nd period - Stopped by Carter Hutton with a rebound.
11:46 of 2nd period - Snap shot by Tom Kuhnhackl.
11:46 of 2nd period - Stopped by Pavel Francouz without a rebound.
11:47 of 2nd period - Pavel Kraskovsky wins face-off versus Elias Lindholm in Sound Tigers zone.
11:47 of 2nd period - Pavel Kraskovsky is hit by Kirill Kaprizov.
11:53 of 2nd period - Elias Lindholm is hit by Garret Ross and loses puck.
12:14 of 2nd period - Snap shot by Ryan Bourque.
12:14 of 2nd period - Deflect By Borna Rendulic.
12:14 of 2nd period - Shot Blocked by Valentin Zykov.
12:14 of 2nd period - Puck is out of play.
12:15 of 2nd period - Ryan Bourque wins face-off versus Quinton Howden in Thunderbirds zone.
12:16 of 2nd period - Backhand shot by James Sheppard.
12:16 of 2nd period - Stopped by Carter Hutton without a rebound.
12:17 of 2nd period - Ryan Bourque wins face-off versus Valentin Zykov in Thunderbirds zone.
12:18 of 2nd period - Slapshot by James Sheppard.
12:18 of 2nd period - Stopped by Carter Hutton without a rebound.
12:19 of 2nd period - Ryan Bourque wins face-off versus Quinton Howden in Thunderbirds zone.
12:20 of 2nd period - Wrist shot by Borna Rendulic.
12:20 of 2nd period - Shot Misses the Net.
12:44 of 2nd period - Slapshot by Hudson Fasching.
12:44 of 2nd period - Stopped by Pavel Francouz with a rebound.
12:46 of 2nd period - Slapshot by Matt Puempel.
12:46 of 2nd period - Shot Blocked by Slater Koekkoek.
12:48 of 2nd period - Snap shot by Niklas Hansson.
12:48 of 2nd period - Stopped by Pavel Francouz with a rebound.
12:56 of 2nd period - Snap shot by Matt Puempel.
12:56 of 2nd period - Shot Blocked by James Sheppard.
13:02 of 2nd period - Minor Penalty to James Sheppard for Slashing.
13:03 of 2nd period - Brandon Gignac wins face-off versus Quinton Howden in Sound Tigers zone.
13:14 of 2nd period - Wrist shot by Garret Ross.
13:14 of 2nd period - Shot Misses the Net.
13:16 of 2nd period - Wrist shot by Dylan McIlrath.
13:16 of 2nd period - Shot Blocked by Valentin Zykov.
13:18 of 2nd period - Slapshot by Dylan McIlrath.
13:18 of 2nd period - Deflect By Quinton Howden.
13:18 of 2nd period - Stopped by Carter Hutton with a rebound.
13:28 of 2nd period - Quinton Howden is hit by Dylan McIlrath and loses puck.
13:37 of 2nd period - Wrist shot by Michal Jordan.
13:37 of 2nd period - Deflect By Quinton Howden.
13:37 of 2nd period - Shot Misses the Net.
13:37 of 2nd period - Puck is out of play.
13:38 of 2nd period - Ben Johnson wins face-off versus Elias Lindholm in Sound Tigers zone.
15:02 of 2nd period - Penalty to James Sheppard is over, James Sheppard is back on ice.
15:04 of 2nd period - Icing by Quinton Howden.
15:05 of 2nd period - Quinton Howden wins face-off versus Ryan Bourque in Thunderbirds zone.
15:56 of 2nd period - Slapshot by Griffin Reinhart.
15:56 of 2nd period - Deflect By Garret Ross.
15:56 of 2nd period - Goal by Griffin Reinhart - Thunderbirds : 1 - Sound Tigers : 1.
15:57 of 2nd period - Ryan Bourque wins face-off versus Quinton Howden in neutral zone.
15:59 of 2nd period - Off-side.
16:00 of 2nd period - Quinton Howden wins face-off versus Ryan Bourque in neutral zone.
16:05 of 2nd period - Icing by Dylan McIlrath.
16:06 of 2nd period - Quinton Howden wins face-off versus Ryan Bourque in Sound Tigers zone.
16:13 of 2nd period - Ryan Bourque is hit by Jerry D'Amigo and loses puck.
16:22 of 2nd period - Connor Murphy is hit by Quinton Howden and loses puck.
16:41 of 2nd period - Jerry D'Amigo is hit by Dylan McIlrath and loses puck.
17:14 of 2nd period - Snap shot by Ryan Bourque.
17:14 of 2nd period - Shot Blocked by Michal Jordan.
17:16 of 2nd period - Wrist shot by James Sheppard.
17:16 of 2nd period - Shot Misses the Net.
17:18 of 2nd period - Slapshot by Borna Rendulic.
17:18 of 2nd period - Stopped by Carter Hutton with a rebound.
17:20 of 2nd period - Slapshot by Connor Murphy.
17:20 of 2nd period - Shot Blocked by Michal Jordan.
17:22 of 2nd period - Wrist shot by James Sheppard.
17:22 of 2nd period - Shot Misses the Net.
17:24 of 2nd period - Snap shot by Ryan Bourque.
17:24 of 2nd period - Stopped by Carter Hutton without a rebound.
17:25 of 2nd period - Pavel Kraskovsky wins face-off versus Elias Lindholm in Thunderbirds zone.
17:26 of 2nd period - Wrist shot by Garret Ross.
17:26 of 2nd period - Shot Misses the Net.
17:28 of 2nd period - Backhand shot by Julian Melchiori.
17:28 of 2nd period - Shot Blocked by Griffin Reinhart.
17:50 of 2nd period - Rhett Gardner is hit by Mitchell Heard and loses puck.
17:55 of 2nd period - Wrist shot by Hudson Fasching.
17:55 of 2nd period - Goal by Hudson Fasching - Thunderbirds : 2 - Sound Tigers : 1.
17:56 of 2nd period - Pavel Kraskovsky wins face-off versus Elias Lindholm in neutral zone.
18:22 of 2nd period - Scott Glennie is hit by Niklas Hansson and loses puck.
18:29 of 2nd period - Matt Puempel is hit by Dylan McIlrath.
18:43 of 2nd period - Slapshot by Griffin Reinhart.
18:43 of 2nd period - Stopped by Pavel Francouz with a rebound.
18:45 of 2nd period - Wrist shot by Roberts Lipsbergs.
18:45 of 2nd period - Shot Misses the Net.
18:47 of 2nd period - Snap shot by Roberts Lipsbergs.
18:47 of 2nd period - Stopped by Pavel Francouz with a rebound.
18:49 of 2nd period - Wrist shot by Nicklas Jensen.
18:49 of 2nd period - Shot Blocked by James Sheppard.
18:51 of 2nd period - Slapshot by Niklas Hansson.
18:51 of 2nd period - Stopped by Pavel Francouz without a rebound.
18:52 of 2nd period - Quinton Howden wins face-off versus Pavel Kraskovsky in Sound Tigers zone.
19:03 of 2nd period - Slapshot by John Draeger.
19:03 of 2nd period - Stopped by Pavel Francouz without a rebound.
19:04 of 2nd period - Ryan Bourque wins face-off versus Quinton Howden in Sound Tigers zone.
19:09 of 2nd period - Borna Rendulic is hit by John Draeger.
19:13 of 2nd period - Slapshot by Dylan McIlrath.
19:13 of 2nd period - Shot Misses the Net.
19:15 of 2nd period - Snap shot by Borna Rendulic.
19:15 of 2nd period - Shot Misses the Net.
19:17 of 2nd period - Slapshot by Borna Rendulic.
19:17 of 2nd period - Shot Blocked by Jerry D'Amigo.
19:19 of 2nd period - Slapshot by Connor Murphy.
19:19 of 2nd period - Stopped by Carter Hutton without a rebound.
19:20 of 2nd period - Pavel Kraskovsky wins face-off versus Elias Lindholm in Thunderbirds zone.
19:45 of 2nd period - Niklas Hansson is hit by Borna Rendulic and loses puck.
19:54 of 2nd period - Quinton Howden is hit by Ryan Bourque and loses puck.
Goals for this period are 2 for Thunderbirds vs 0 for Sound Tigers.
Shots for this period are 13 for Thunderbirds vs 7 for Sound Tigers.
3rd period
0:01 of 3rd period - Ryan Bourque wins face-off versus Quinton Howden in neutral zone.
0:04 of 3rd period - Slapshot by Borna Rendulic.
0:04 of 3rd period - Stopped by Carter Hutton with a rebound.
0:15 of 3rd period - Off-side.
0:16 of 3rd period - Elias Lindholm wins face-off versus Pavel Kraskovsky in neutral zone.
0:19 of 3rd period - Pavel Kraskovsky is hit by Niklas Hansson and loses puck.
0:24 of 3rd period - Snap shot by Kirill Kaprizov.
0:24 of 3rd period - Stopped by Pavel Francouz without a rebound.
0:25 of 3rd period - Pavel Kraskovsky wins face-off versus Elias Lindholm in Sound Tigers zone.
0:32 of 3rd period - Connor Murphy is hit by Elias Lindholm and loses puck.
0:43 of 3rd period - Snap shot by Tom Kuhnhackl.
0:43 of 3rd period - Shot Misses the Net.
0:47 of 3rd period - Wrist shot by Elias Lindholm.
0:47 of 3rd period - Deflect By Kirill Kaprizov.
0:47 of 3rd period - Stopped by Pavel Francouz without a rebound.
0:48 of 3rd period - Ryan Bourque wins face-off versus Quinton Howden in Sound Tigers zone.
0:53 of 3rd period - Snap shot by Quinton Howden.
0:53 of 3rd period - Stopped by Pavel Francouz with a rebound.
0:55 of 3rd period - Wrist shot by Valentin Zykov.
0:55 of 3rd period - Shot Misses the Net.
1:17 of 3rd period - Icing by John Draeger.
1:18 of 3rd period - Mitchell Heard wins face-off versus Pavel Kraskovsky in Thunderbirds zone.
1:23 of 3rd period - Pavel Kraskovsky is hit by Griffin Reinhart and loses puck.
1:58 of 3rd period - Snap shot by Pavel Kraskovsky.
1:58 of 3rd period - Shot Misses the Net.
2:00 of 3rd period - Slapshot by Dylan McIlrath.
2:00 of 3rd period - Shot Blocked by Hudson Fasching.
2:02 of 3rd period - Slapshot by James Livingstone.
2:02 of 3rd period - Deflect By Matt Puempel.
2:02 of 3rd period - Stopped by Carter Hutton with a rebound.
2:04 of 3rd period - Wrist shot by James Livingstone.
2:04 of 3rd period - Stopped by Carter Hutton with a rebound.
2:06 of 3rd period - Wrist shot by Pavel Kraskovsky.
2:06 of 3rd period - Shot Misses the Net.
2:08 of 3rd period - Wrist shot by James Livingstone.
2:08 of 3rd period - Shot Misses the Net.
2:10 of 3rd period - Snap shot by Garret Ross.
2:10 of 3rd period - Stopped by Carter Hutton with a rebound.
2:44 of 3rd period - Matt Puempel is hit by Garret Ross.
2:53 of 3rd period - Icing by Dylan McIlrath.
2:54 of 3rd period - Quinton Howden wins face-off versus Pavel Kraskovsky in Sound Tigers zone.
2:57 of 3rd period - Wrist shot by Quinton Howden.
2:57 of 3rd period - Stopped by Pavel Francouz without a rebound.
2:58 of 3rd period - Quinton Howden wins face-off versus Ryan Bourque in Sound Tigers zone.
3:47 of 3rd period - Snap shot by Griffin Reinhart.
3:47 of 3rd period - Deflect By Quinton Howden.
3:47 of 3rd period - Shot Blocked by Tyrell Goulbourne.
3:47 of 3rd period - Puck is out of play.
3:48 of 3rd period - Elias Lindholm wins face-off versus Rhett Gardner in Sound Tigers zone.
3:49 of 3rd period - Backhand shot by Kirill Kaprizov.
3:49 of 3rd period - Stopped by Pavel Francouz without a rebound.
3:50 of 3rd period - Elias Lindholm wins face-off versus Rhett Gardner in Sound Tigers zone.
4:17 of 3rd period - Ryan Bourque is hit by Roberts Lipsbergs and loses puck.
4:53 of 3rd period - Icing by Jerry D'Amigo.
4:54 of 3rd period - Quinton Howden wins face-off versus Ben Johnson in Thunderbirds zone.
5:29 of 3rd period - Slapshot by Connor Murphy.
5:29 of 3rd period - Stopped by Carter Hutton with a rebound.
5:31 of 3rd period - Slapshot by Dylan McIlrath.
5:31 of 3rd period - Stopped by Carter Hutton with a rebound.
5:37 of 3rd period - Minor Penalty to Mitchell Heard for Slashing.
5:38 of 3rd period - Ryan Bourque wins face-off versus Quinton Howden in Thunderbirds zone.
5:47 of 3rd period - Wrist shot by Borna Rendulic.
5:47 of 3rd period - Stopped by Carter Hutton with a rebound.
6:07 of 3rd period - Wrist shot by Garret Ross.
6:07 of 3rd period - Deflect By Pavel Kraskovsky.
6:07 of 3rd period - Shot Misses the Net.
6:07 of 3rd period - Puck is out of play.
6:08 of 3rd period - Ryan Bourque wins face-off versus Quinton Howden in Thunderbirds zone.
6:09 of 3rd period - Snap shot by James Sheppard.
6:09 of 3rd period - Stopped by Carter Hutton with a rebound.
6:11 of 3rd period - Wrist shot by Ryan Bourque.
6:11 of 3rd period - Stopped by Carter Hutton without a rebound.
6:12 of 3rd period - Quinton Howden wins face-off versus Ryan Bourque in Thunderbirds zone.
6:21 of 3rd period - Michal Jordan is hit by Ryan Bourque and loses puck.
6:26 of 3rd period - Wrist shot by Borna Rendulic.
6:26 of 3rd period - Shot Misses the Net.
6:28 of 3rd period - Slapshot by Connor Murphy.
6:28 of 3rd period - Stopped by Carter Hutton without a rebound.
6:29 of 3rd period - Quinton Howden wins face-off versus Garret Ross in Thunderbirds zone.
7:17 of 3rd period - James Livingstone is hit by Elias Lindholm and loses puck.
7:30 of 3rd period - Wrist shot by Garret Ross.
7:30 of 3rd period - Stopped by Carter Hutton without a rebound.
7:31 of 3rd period - Ryan Bourque wins face-off versus Quinton Howden in Thunderbirds zone.
7:37 of 3rd period - Penalty to Mitchell Heard is over, Mitchell Heard is back on ice.
7:48 of 3rd period - Slapshot by John Draeger.
7:48 of 3rd period - Deflect By Quinton Howden.
7:48 of 3rd period - Shot Misses the Net.
7:48 of 3rd period - Puck is out of play.
7:49 of 3rd period - Elias Lindholm wins face-off versus Rhett Gardner in Sound Tigers zone.
7:50 of 3rd period - Slapshot by Griffin Reinhart.
7:50 of 3rd period - Shot Blocked by Slater Koekkoek.
8:00 of 3rd period - Snap shot by Scott Glennie.
8:00 of 3rd period - Deflect By Griffin Reinhart.
8:00 of 3rd period - Stopped by Carter Hutton with a rebound.
8:27 of 3rd period - Slapshot by Griffin Reinhart.
8:27 of 3rd period - Shot Blocked by Borna Rendulic.
8:42 of 3rd period - Off-side.
8:43 of 3rd period - Tanner Laczynski wins face-off versus Pavel Kraskovsky in neutral zone.
8:52 of 3rd period - Wrist shot by Roberts Lipsbergs.
8:52 of 3rd period - Shot Misses the Net.
9:29 of 3rd period - Snap shot by Garret Ross.
9:29 of 3rd period - Stopped by Carter Hutton with a rebound.
9:31 of 3rd period - Backhand shot by James Livingstone.
9:31 of 3rd period - Stopped by Carter Hutton without a rebound.
9:32 of 3rd period - Ryan Bourque wins face-off versus Valentin Zykov in Thunderbirds zone.
9:41 of 3rd period - Snap shot by Ryan Bourque.
9:41 of 3rd period - Shot Blocked by Griffin Reinhart.
10:27 of 3rd period - Wrist shot by Griffin Reinhart.
10:27 of 3rd period - Deflect By Ben Johnson.
10:27 of 3rd period - Stopped by Pavel Francouz without a rebound.
10:28 of 3rd period - Quinton Howden wins face-off versus Ryan Bourque in Sound Tigers zone.
10:36 of 3rd period - Off-side.
10:37 of 3rd period - Ryan Bourque wins face-off versus Valentin Zykov in neutral zone.
10:48 of 3rd period - Snap shot by Quinton Howden.
10:48 of 3rd period - Shot Misses the Net.
10:58 of 3rd period - Snap shot by James Sheppard.
10:58 of 3rd period - Shot Blocked by Viktor Baldayev.
10:58 of 3rd period - Viktor Baldayev from Thunderbirds is injured at 10:58 of 3rd period (Torso).
10:59 of 3rd period - Ryan Bourque wins face-off versus Quinton Howden in Thunderbirds zone.
11:08 of 3rd period - Snap shot by Borna Rendulic.
11:08 of 3rd period - Stopped by Carter Hutton without a rebound.
11:09 of 3rd period - Ryan Bourque wins face-off versus Valentin Zykov in Thunderbirds zone.
11:12 of 3rd period - Slapshot by Borna Rendulic.
11:12 of 3rd period - Shot Misses the Net.
11:48 of 3rd period - Wrist shot by Griffin Reinhart.
11:48 of 3rd period - Shot Blocked by Dylan McIlrath.
11:57 of 3rd period - Minor Penalty to Quinton Howden for Interference.
11:58 of 3rd period - Kirill Kaprizov wins face-off versus Pavel Kraskovsky in Thunderbirds zone.
12:28 of 3rd period - Minor Penalty to James Sheppard for Interference.
12:29 of 3rd period - Kirill Kaprizov wins face-off versus Garret Pilon in Sound Tigers zone.
12:54 of 3rd period - Michal Jordan is hit by Garret Ross.
13:08 of 3rd period - Slapshot by Julian Melchiori.
13:08 of 3rd period - Shot Blocked by John Draeger.
13:46 of 3rd period - Connor Murphy is hit by Mitchell Heard and loses puck.
13:57 of 3rd period - Penalty to Quinton Howden is over, Quinton Howden is back on ice.
14:28 of 3rd period - Penalty to James Sheppard is over, James Sheppard is back on ice.
14:31 of 3rd period - Wrist shot by James Sheppard.
14:31 of 3rd period - Stopped by Carter Hutton without a rebound.
14:32 of 3rd period - Ryan Bourque wins face-off versus Tanner Laczynski in Thunderbirds zone.
14:37 of 3rd period - Snap shot by Borna Rendulic.
14:37 of 3rd period - Stopped by Carter Hutton without a rebound.
14:38 of 3rd period - Tanner Laczynski wins face-off versus Ryan Bourque in Thunderbirds zone.
15:03 of 3rd period - Wrist shot by Garret Ross.
15:03 of 3rd period - Deflect By Pavel Kraskovsky.
15:03 of 3rd period - Shot Misses the Net.
15:03 of 3rd period - Puck is out of play.
15:04 of 3rd period - Pavel Kraskovsky wins face-off versus Elias Lindholm in Thunderbirds zone.
15:29 of 3rd period - Wrist shot by Jerry D'Amigo.
15:29 of 3rd period - Shot Misses the Net.
15:47 of 3rd period - Snap shot by Pavel Kraskovsky.
15:47 of 3rd period - Stopped by Carter Hutton with a rebound.
15:49 of 3rd period - Snap shot by James Livingstone.
15:49 of 3rd period - Shot Blocked by Michal Jordan.
16:08 of 3rd period - Off-side.
16:09 of 3rd period - Rhett Gardner wins face-off versus Mitchell Heard in neutral zone.
16:18 of 3rd period - Wrist shot by Tyrell Goulbourne.
16:18 of 3rd period - Stopped by Carter Hutton with a rebound.
16:59 of 3rd period - Wrist shot by Tanner Laczynski.
16:59 of 3rd period - Shot Misses the Net.
18:05 of 3rd period - Connor Murphy is hit by Niklas Hansson.
18:25 of 3rd period - Griffin Reinhart is hit by Brad Ross and loses puck.
18:52 of 3rd period - Slapshot by Griffin Reinhart.
18:52 of 3rd period - Deflect By Quinton Howden.
18:52 of 3rd period - Stopped by Pavel Francouz with a rebound.
18:54 of 3rd period - Backhand shot by Jake Walman.
18:54 of 3rd period - Shot Misses the Net.
18:56 of 3rd period - Slapshot by Valentin Zykov.
18:56 of 3rd period - Shot Misses the Net.
18:58 of 3rd period - Slapshot by Griffin Reinhart.
18:58 of 3rd period - Stopped by Pavel Francouz with a rebound.
19:00 of 3rd period - Slapshot by Quinton Howden.
19:00 of 3rd period - Stopped by Pavel Francouz with a rebound.
19:02 of 3rd period - Slapshot by Griffin Reinhart.
19:02 of 3rd period - Stopped by Pavel Francouz with a rebound.
19:04 of 3rd period - Slapshot by Griffin Reinhart.
19:04 of 3rd period - Shot Blocked by Borna Rendulic.
19:06 of 3rd period - Slapshot by Jerry D'Amigo.
19:06 of 3rd period - Stopped by Pavel Francouz without a rebound.
19:07 of 3rd period - Paul Maurice call a timeout for Sound Tigers.
19:07 of 3rd period - Ryan Bourque wins face-off versus Quinton Howden in Sound Tigers zone.
19:12 of 3rd period - Sound Tigers, Pavel Francouz is pulled from the net.
19:18 of 3rd period - Snap shot by Borna Rendulic.
19:18 of 3rd period - Stopped by Carter Hutton without a rebound.
19:19 of 3rd period - Ryan Bourque wins face-off versus Quinton Howden in Thunderbirds zone.
19:22 of 3rd period - Snap shot by Borna Rendulic.
19:22 of 3rd period - Stopped by Carter Hutton with a rebound.
19:24 of 3rd period - Snap shot by Connor Murphy.
19:24 of 3rd period - Goal by Connor Murphy - Thunderbirds : 2 - Sound Tigers : 2.
19:24 of 3rd period - Pavel Francouz from Sound Tigers was sent back in the game.
19:25 of 3rd period - Rhett Gardner wins face-off versus Mitchell Heard in neutral zone.
19:36 of 3rd period - Scott Glennie is hit by Hudson Fasching and loses puck.
Goals for this period are 0 for Thunderbirds vs 1 for Sound Tigers.
Shots for this period are 11 for Thunderbirds vs 22 for Sound Tigers.
Overtime #1
0:01 of 1st overtime period - James Sheppard wins face-off versus Quinton Howden in neutral zone.
0:06 of 1st overtime period - Wrist shot by James Sheppard.
0:06 of 1st overtime period - Stopped by Carter Hutton without a rebound.
0:07 of 1st overtime period - Quinton Howden wins face-off versus James Sheppard in Thunderbirds zone.
0:12 of 1st overtime period - James Sheppard is hit by Niklas Hansson and loses puck.
0:45 of 1st overtime period - Wrist shot by Garret Ross.
0:45 of 1st overtime period - Shot Misses the Net.
0:47 of 1st overtime period - Slapshot by Connor Murphy.
0:47 of 1st overtime period - Goal by Connor Murphy - Thunderbirds : 2 - Sound Tigers : 3.
Goals for this period are 0 for Thunderbirds vs 1 for Sound Tigers.
Shots for this period are 0 for Thunderbirds vs 2 for Sound Tigers.
Output by the SimonT Hockey Simulator (STHS) for Francois Prevost